 Dungeon Crawl Stone Soup version 0.30-a0-161-gdd60e06945 (webtiles) character file.

Game seed: 3602632353019291668

125 qw the Chopper (level 5, -1/32 HPs)
             Began as a Gargoyle Fighter on Sept 27, 2022.
             Frozen to death by an endoplasm (2 damage)
             ... on level 3 of the Dungeon.
             The game lasted 00:00:54 (2071 turns).

qw the Chopper (Gargoyle Fighter)                   Turns: 2071, Time: 00:00:54

Health: -1/32      AC:  2    Str: 26    XL:     5   Next: 9%
Magic:  0/5        EV:  9    Int: 14    God:
Gold:   130        SH:  4    Dex:  9    Spells: 4/4 levels left

rFire   + . .      SeeInvis .    Y - +0 war axe
rCold   + . .      Faith    .    c - +0 buckler
rNeg    + + .      Spirit   +    b - +0 scale mail
rPois   inf        Reflect  .    (no helmet)
rElec   +          Harm     .    j - scarf {rC+ rF+}
rCorr   .          Rampage  .    (no gloves)
Will    .....                    (no boots)
Stlth   ..........               e - amulet of guardian spirit
HPRegen 0.10/turn                a - ring of Eveogg {rElec rN+ Str+4 Int+6}
MPRegen 0.09/turn                (no ring)

@: corroded
A: sickness immunity, AC +4, negative energy resistance 1, electricity
resistance, torment resistance 1, petrification resistance
a: no special abilities


You were on level 3 of the Dungeon.
You visited 1 branch of the dungeon, and saw 3 of its levels.

You collected 130 gold pieces.


Innate Abilities, Weirdness & Mutations

You are immune to sickness and miasma.
Your stone body is resilient. (AC +4)
You are immune to poison.
You resist negative energy. (rN+)
You are resistant to electric shocks. (rElec)
You are resistant to unholy torment.
You are immune to petrification.


   Skills:
 - Level 3.2 Fighting
 + Level 4.6 Axes
 - Level 3.2 Armour
 - Level 3.2 Shields


You had 4 spell levels left.
You didn't know any spells.
Your spell library was empty.

Inventory:

Hand Weapons
 h - a +0 whip
 Y - a +0 war axe (weapon)
Armour
 b - a +0 scale mail (worn)
 c - a +0 buckler (worn)
 j - a scarf of resistance (worn)
Jewellery
 a - the ring of Eveogg (left hand) {rElec rN+ Str+4 Int+6}
   (You acquired it on level 2 of the Dungeon)

   [ring of intelligence]

   Str:       It affects your strength (+4).
   Int:       It affects your intelligence (+6).
   rElec:     It insulates you from electricity.
   rN:        It protects you from negative energy.
 e - an amulet of guardian spirit (around neck)
 i - a +4 ring of protection
Scrolls
 f - a scroll of identify
 g - a scroll of amnesia {unknown}
 m - a scroll of poison {unknown}
Potions
 d - 2 potions of might
 k - a potion of flight {unknown}
 l - a potion of heal wounds {unknown}

Dungeon Overview and Level Annotations

Branches:
Dungeon (3/15)

Altars:


Message History

The endoplasm hits the fungus.
The fungus begins to die.
There is an open door here.
You hit the endoplasm.
The endoplasm is heavily wounded.
The endoplasm hits you but does no damage.
The endoplasm hits the fungus.
You slash the endoplasm!
You kill the endoplasm!
You hit the jelly.
Your hands burn!
The endoplasm hits the fungus. x2; The fungus begins to die.
The endoplasm hits the fungus.
The jelly hits you but does no damage.
The endoplasm hits the fungus. x2; The fungus begins to die.
The jelly closely misses you.
You slash the jelly!
Your hands burn!
The jelly is severely wounded.
You hit the endoplasm.
A nearby fungus withers and dies.
The endoplasm freezes you.
You are frozen.
You resist.
The endoplasm hits the fungus.
The jelly hits you. The acid corrodes you!
You are splashed with acid!
You hit the jelly but do no damage. The acid corrodes you!
Your hands burn!
The jelly is severely wounded.
You slash the endoplasm!
You kill the endoplasm!
The endoplasm hits the fungus.
The jelly closely misses you.
You hit the jelly but do no damage.
Your hands burn!
The jelly is severely wounded.
You hit the endoplasm but do no damage.
The endoplasm hits the fungus.
The jelly hits you.
You are splashed with acid!
The endoplasm freezes you.
You are frozen.
You resist.
You slash the jelly!
You kill the jelly!
You hit the endoplasm.
A nearby fungus withers and dies. x2
The endoplasm freezes you.
You are frozen.
You resist. The endoplasm freezes you.
You are frozen.
You resist.
You die...

###..######
..%.## ##########
....# $......P.#
....# .%.P.....#
....# ..%%%....#
....####
.P...P...#
##...>.#
....J.J..#
##.#..#
....JJJJ%# #.#..#
#######@#
#.#..###).....##
##.#..##.########
#.....###..'....#
#.....# ####....#
##....##
#.......# ......#
#.......# ......#
#.......# ......#
#.......#


You could see a jelly and 5 endoplasms.

Vanquished Creatures
  A jelly (D:3)
  5 adders
  3 worms
  A dart slug (D:1)
  2 bats
  11 endoplasms
  2 giant cockroaches (D:1)
  6 goblins
  3 hobgoblins
  5 jackals (D:1)
  5 ball pythons
  4 frilled lizards
  10 kobolds
  7 rats
65 creatures vanquished.

Vanquished Creatures (others)
  3 fungi (D:3)
  8 toadstools (D:3)
11 creatures vanquished.

Grand Total: 76 creatures vanquished

Notes
Turn   | Place    | Note
-------+----------+-------------------------------------------
     0 | D:1      | qw the Gargoyle Fighter began the quest for the Orb.
     0 | D:1      | Reached XP level 1. HP: 14/14 MP: 1/1
     0 | D:1      | 0 ||| qw: Version: 0.2-a-10-g37ed214
     0 | D:1      | 0 ||| qw: Game counter: 643
     0 | D:1      | 0 ||| qw: Always use a shield: true
     0 | D:1      | 0 ||| qw: God list: Okawaru
     0 | D:1      | 0 ||| qw: Allow faded altars: false
     0 | D:1      | 0 ||| qw: Do Orc after D:15 true
     0 | D:1      | 0 ||| qw: Do second Lair branch before Depths: true
     0 | D:1      | 0 ||| qw: Lair rune preference: random
     0 | D:1      | 0 ||| qw: Plans: Normal, Zot:1-4, God:TSO, Crypt, Tomb,
                  | Pan, Slime:5, Hells, Abyss, Orb
     0 | D:1      | 0 ||| PLANNING D:1-11
     6 | D:1      | Noticed a snapping turtle
     6 | D:1      | Noticed a rime drake
     6 | D:1      | Noticed a swamp worm
     7 | D:1      | Noticed a polar bear
    32 | D:1      | Reached skill level 2 in Axes
    60 | D:1      | 60 ||| Stepping ~*~*~tactically~*~*~ (stealth).
   161 | D:1      | Reached XP level 2. HP: 19/19 MP: 2/2
   170 | D:1      | 170 ||| Stepping ~*~*~tactically~*~*~ (stealth).
   171 | D:1      | 171 ||| Stepping ~*~*~tactically~*~*~ (stealth).
   176 | D:1      | 176 ||| Stepping ~*~*~tactically~*~*~ (stealth).
   253 | D:1      | 253 ||| Stepping ~*~*~tactically~*~*~ (stealth).
   275 | D:1      | 275 ||| Stepping ~*~*~tactically~*~*~ (stealth).
   280 | D:1      | 280 ||| Stepping ~*~*~tactically~*~*~ (stealth).
   282 | D:1      | 282 ||| Stepping ~*~*~tactically~*~*~ (stealth).
   283 | D:1      | 283 ||| Stepping ~*~*~tactically~*~*~ (stealth).
   330 | D:1      | Reached skill level 3 in Axes
   370 | D:1      | Reached XP level 3. HP: 23/23 MP: 3/3
   465 | D:1      | 465 ||| Stepping ~*~*~tactically~*~*~ (stealth).
   732 | D:1      | Found a faded altar of an unknown god.
   803 | D:1      | 803 ||| READING scroll labelled YSESHR MYANEOHY.
   804 | D:1      | 804 ||| READING scroll labelled BIRYPS OBRUERU.
   805 | D:1      | 805 ||| READING scroll labelled QOAH ECVOR.
   881 | D:2      | 881 ||| Stepping ~*~*~tactically~*~*~ (stealth).
   906 | D:2      | 906 ||| Stepping ~*~*~tactically~*~*~ (stealth).
   914 | D:2      | 914 ||| Stepping ~*~*~tactically~*~*~ (stealth).
   916 | D:2      | 916 ||| Stepping ~*~*~tactically~*~*~ (stealth).
   926 | D:2      | 926 ||| DROPPING +0 club.
   987 | D:2      | Reached XP level 4. HP: 21/28 MP: 4/4
  1131 | D:2      | Reached skill level 4 in Axes
  1613 | D:2      | 1613 ||| UPGRADING to scarf of resistance.
  1618 | D:2      | 1618 ||| UPGRADING to amulet of guardian spirit.
  1623 | D:2      | 1623 ||| READING scroll labelled AWIPRIAF HIEZY.
  1666 | D:2      | 1666 ||| READING 3 scrolls labelled LALAHACOC.
  1667 | D:2      | 1667 ||| READING scroll labelled VOCUUV NYISSU.
  1667 | D:2      | Identified a scroll of acquirement
  1667 | D:2      | 1667 ||| ACQUIRING ring of Eveogg {rElec rN+ Str+4 Int+6}
  1667 | D:2      | Acquired the ring of Eveogg {rElec rN+ Str+4 Int+6}
  1669 | D:2      | 1669 ||| UPGRADING to ring of Eveogg {rElec rN+ Str+4
                  | Int+6}.
  1670 | D:2      | 1670 ||| READING scroll labelled ROUZEXT LOUTTE.
  1771 | D:2      | 1771 ||| READING scroll labelled FUEMUSCHIWAU.
  1772 | D:2      | 1772 ||| READING 2 scrolls of identify.
  1772 | D:2      | 1772 ||| IDENTIFYING sedimented golden potion
  1773 | D:2      | 1773 ||| DROPPING potion of berserk rage.
  1963 | D:3      | Reached XP level 5. HP: 31/32 MP: 5/5
  2070 | D:3      | HP: 2/32 [acid (7)]
  2071 | D:3      | Frozen to death by an endoplasm

Levels and vault maps discovered:
D:1:      onia_arrival_zoo_common, layout_loops_cross,
          hellmonk_ecumenical_altar_heavens_door
D:2:      layout_rooms
D:3:      cheibrodos_fertilizer, layout_basic

Skill      XL: |  1  2  3  4 |
---------------+-------------+-----
Axes           | 2 3 4 |  4.6
Fighting       | |  3.2
Armour         | |  3.2
Shields        | |  3.2

Action                   |  1- 3 |  4- 6 || total
-------------------------+-------+-------++-------
Melee: War axe           |    98 |    87 ||   185
  Use: Scroll            |     3 |     6 ||     9
Armor: Scale mail        |    57 |    39 ||    96
Dodge: Dodged            |    58 |    32 ||    90
Block: Buckler           |    18 |    15 ||    33

Table legend:
 A = Non-vault XP
 B = Vault XP
 C = Vault XP percentage of total XP
 D = Non-vault monster count
 E = Vault monster count
 F = Vault count percentage of total count
                 A         B        C        D         E       F
            +---------+---------+-------+---------+---------+-------
      Total |     157 |      62 |  28.3 |      52 |      13 |  20.0
            +---------+---------+-------+---------+---------+-------
        D:1 |      49 |       0 |   0.0 |      29 |       0 |   0.0
        D:2 |      83 |       0 |   0.0 |      18 |       0 |   0.0
        D:3 |      25 |      62 |  71.3 |       5 |      13 |  72.2
            +---------+---------+-------+---------+---------+-------
